 Dungeon Crawl Stone Soup version 0.27-a0-650-g8dd3ea4f36 (webtiles) character file.

Game seed: 6256474541047353389

68 lunkers the Skirmisher (level 4, -4/48 HPs)
             Began as an Ogre Warper on Mar 15, 2021.
             Slain by a scorpion (9 damage)
             ... on level 2 of the Dungeon.
             The game lasted 00:03:15 (2127 turns).

lunkers the Skirmisher (Ogre Warper)                Turns: 2127, Time: 00:03:15

Health: -4/48      AC:  3    Str: 16    XL:     4   Next: 19%
Magic:  7/7        EV:  9    Int: 14    God:
Gold:   89         SH:  0    Dex:  8    Spells: 7/7 levels left

rFire    . . .     SeeInvis .   a - +0 mace
rCold    . . .     Faith    .   (no shield)
rNeg     . . .     Spirit   .   b - +0 robe
rPois    .         Reflect  .   (helmet restricted)
rElec    .         Harm     .   (no cloak)
rCorr    .         Rampage  .   (gloves unavailable)
Will     .....                  (boots unavailable)
Stlth    +.........             (no amulet)
HPRegen  0.16/turn              (no ring)
MPRegen  0.10/turn              (no ring)

@: lethally poisoned (-4 -> -28)
A: large, unfitting armour, tough skin 1
a: no special abilities


You were on level 2 of the Dungeon.
You visited 1 branch of the dungeon, and saw 2 of its levels.

You collected 89 gold pieces.

Inventory:

Hand Weapons
 a - a +0 mace (weapon)
Missiles
 c - 29 stones (quivered)
 e - a boomerang of dispersal {=f}
Armour
 b - a +0 robe (worn)
Jewellery
 h - a ring of fire
Scrolls
 d - a scroll of blinking
 g - a scroll of enchant weapon {unknown}
 i - a scroll of fog {unknown}
Potions
 f - a potion of heal wounds {unknown}
 j - a potion of ambrosia {unknown}
 k - 2 potions of haste {unknown}


   Skills:
 + Level 3.9 Fighting
 * Level 3.3 Maces & Flails
 - Level 1.0 Throwing
 - Level 2.1 Dodging
 - Level 2.4 Spellcasting
 - Level 2.6 Translocations


You had 7 spell levels left.
You didn't know any spells.
Your spell library contained the following spells:

 Spells                   Type           Power      Damage    Failure   Level
 Blink                    Tloc           N/A        N/A       12%         2
 Gell's Gravitas          Tloc           4%         N/A       22%         3
 Lesser Beckoning         Tloc           4%         N/A       22%         3
 Teleport Other           Tloc           9%         N/A       22%         3
 Manifold Assault         Tloc           9%         N/A       58%         4


Dungeon Overview and Level Annotations

Branches:
Dungeon (2/15)

Altars:


Innate Abilities, Weirdness & Mutations

You are too large for most types of armour.
You have tough skin. (AC +1)


Message History

You closely miss the scorpion. The scorpion closely misses you.
You barely miss the scorpion. The scorpion stings you!
You sock the scorpion!
The scorpion is heavily wounded.
The scorpion stings you!
You are poisoned.
The scorpion poisons you!
You barely miss the scorpion.
The scorpion is heavily wounded.
You feel sick. The scorpion stings you.
* * * LOW HITPOINT WARNING * * *
You closely miss the scorpion.
The scorpion is heavily wounded.
You feel sick. The scorpion stings you.
* * * LOW HITPOINT WARNING * * *
The scorpion stings you.
* * * LOW HITPOINT WARNING * * *
You are lethally poisoned!
The scorpion poisons you!
You hit the scorpion.
The scorpion is severely wounded.
* * * LOW HITPOINT WARNING * * *
You feel sick. The scorpion stings you.
* * * LOW HITPOINT WARNING * * *
You closely miss the scorpion.
The scorpion is severely wounded.
* * * LOW HITPOINT WARNING * * *
You feel sick. The scorpion barely misses you.
You barely miss the scorpion.
The scorpion is severely wounded.
* * * LOW HITPOINT WARNING * * *
You feel sick. The scorpion closely misses you.
You barely miss the scorpion.
The scorpion is severely wounded.
* * * LOW HITPOINT WARNING * * *
You feel sick. The scorpion stings you.
* * * LOW HITPOINT WARNING * * *
You are more poisoned.
The scorpion poisons you! The scorpion stings you!
You die...

#..'...#
#.##...#
#...##
##...# .
#...## (.
##...# ...
#...## ...(
##[..#
....s
#.s@##
...(..#(..#
#.....(..##
##.......#
##.....##
##....#
##..## ##.
##


You could see a scorpion.

Vanquished Creatures
  Robin (D:2)
  An ooze (D:2)
  A dart slug (D:1)
  13 goblins
  8 hobgoblins
  7 jackals (D:1)
  A ball python (D:1)
  3 bats
  2 frilled lizards (D:1)
  3 kobolds (D:1)
  4 rats (D:1)
44 creatures vanquished.

Notes
Turn   | Place    | Note
-------+----------+-------------------------------------------
     0 | D:1      | lunkers the Ogre Warper began the quest for the Orb.
     0 | D:1      | Reached XP level 1. HP: 22/22 MP: 3/3
   312 | D:1      | Reached XP level 2. HP: 24/31 MP: 5/5
   711 | D:1      | Reached XP level 3. HP: 11/37 MP: 6/6
  1511 | D:2      | Noticed Robin
  2053 | D:2      | Reached XP level 4. HP: 48/48 MP: 7/7
  2077 | D:2      | Killed Robin
  2127 | D:2      | Slain by a scorpion

Illustrated notes

Levels and vault maps discovered:
D:1:      heliophobic_arrival_enchanted_forest, layout_basic, st_stairs_3,
          chequers_mini_garden
D:2:      minmay_razor_zed, layout_loops_ring, dk_noncrumbling_3, uniq_robin

Skill      XL: |  1  2  3 |
---------------+----------+-----
Maces & Flails | 2 3 |  3.3
Fighting       | 3 |  3.9
Throwing       | |  1.0
Dodging        | |  2.1
Spellcasting   | |  2.4
Translocations | |  2.6

Action                   |  1- 3 |  4- 6 || total
-------------------------+-------+-------++-------
Melee: Mace              |   120 |    12 ||   132
Throw: Stone             |    41 |     5 ||    46
       Boomerang         |     4 |       ||     4
Armor: Robe              |    30 |       ||    30
Dodge: Dodged            |    51 |     3 ||    54

Table legend: (Time is in decaauts)
 A = Elapsed time spent in this place.
 B = Non-inter-level travel time spent in this place.
 C = Inter-level travel time spent in this place.
 D = Time resting spent in this place.
 E = Time spent auto-exploring this place.
 F = Levels seen in this place.
 G = Mean time per level.
                   A        B        C        D        E       F      G
               +--------+--------+--------+--------+--------+-----+--------+
         Total |   2168 |   2144 |     24 |    373 |   1420 |   2 | 1084.0 |
       Dungeon |   2168 |   2144 |     24 |    373 |   1420 |   2 | 1084.0 |
               +--------+--------+--------+--------+--------+-----+--------+

Top non-repeatable levels by time:
     D:1: 1849 daAuts
     D:2: 319 daAuts
